 Dungeon Sprint DCSS version 0.31-a0-370-g25055926c8 (webtiles) character file.

Game seed: 13830059846589198285

10 Conn the Firebug (level 2, -3/17 HPs)
             Began as an Octopode Fire Elementalist on July 29, 2023.
             Slain by a scorpion (7 damage)
             ... in the Dungeon (Sprint IV: "Fedhas' Mad Dash").
             The game lasted 00:00:23 (71 turns).

Conn the Firebug (Octopode Fire Elementalist)         Turns: 71, Time: 00:00:24

Health: -3/17      AC:  1    Str:  7    XL:     2   Next: 20%
Magic:  0/5        EV: 13    Int: 17    God:
Gold:   0          SH:  0    Dex: 12    Spells: 3/6 levels left

rFire   . . .        (no weapon)
rCold   . . .        (no shield)
rNeg    . . .        (helmet restricted)
rPois   .            (no amulet)
rElec   .            (no ring)
rCorr   .            (no ring)
SInv    .            (no ring)
Will    .....        (no ring)
Stlth   +++          (no ring)
HPRegen 0.22/turn    (no ring)
MPRegen 0.09/turn    (no ring)
                     (no ring)

%: no teleportation
@: lethally poisoned (-3 -> -15)
A: almost no armour, amphibious, 8 rings, camouflage 1, gelatinous body 1,
(nimble swimmer 1), tentacles
a: no special abilities


You were in the Dungeon.
You visited 1 branch

Inventory:

Scrolls
 f - a scroll of blinking
Potions
 a - 3 potions of magic
 b - a potion of curing
 c - a potion of heal wounds
 d - a potion of haste


   Skills:
 + Level 2.4 Dodging
 + Level 3.4 Stealth
 + Level 2.5 Spellcasting
 + Level 1.2 Conjurations
 + Level 4.3 Fire Magic


You had 3 spell levels left.
You knew the following spells:

 Your Spells              Type           Power      Damage    Failure   Level
a - Foxfire               Conj/Fire      44%        2x1d6     6%          1
b - Scorch                Fire           32%        2d6       4%          2

Your spell library contained the following spells:

 Spells                   Type           Power      Damage    Failure   Level
 Inner Flame              Hex/Fire       9%         N/A       22%         3
 Volatile Blastmotes      Fire/Tloc      18%        2d11      22%         3
 Flame Wave               Conj/Fire      11%        2d6       52%         4


Dungeon Overview and Level Annotations

Branches:
Dungeon (1/1)

Altars:

Annotations:
D exclusion: oklob sapling


Innate Abilities, Weirdness & Mutations

You cannot wear most types of armour.
You are amphibious.
You can wear up to eight rings at the same time.
Your skin changes colour to match your surroundings (Stealth+).
Your rubbery body absorbs attacks. (AC +1, EV +1)
((You are camouflaged when in or above water. (Stealth+)))
You have tentacles for arms and can constrict up to eight enemies at once.


Message History

Casting: Foxfire (safe; 6% risk of failure)
Confirm with . or Enter, or press ? or * to list all spells.
You conjure some foxfire!
Unknown command.
Casting: Foxfire (safe; 6% risk of failure)
Confirm with . or Enter, or press ? or * to list all spells.
Flames lash the scorpion but do no damage.
The foxfire hits the scorpion.
The scorpion is lightly wounded.
The foxfire hits the scorpion.
The scorpion is moderately wounded.
The scorpion stings you.
You are poisoned.
The scorpion poisons you!
Casting: Scorch (safe; 4% risk of failure)
Confirm with . or Enter, or press ? or * to list all spells.
Flames lash the scorpion.
The scorpion is severely wounded.
The scorpion's fire resistance burns away.
You feel sick.
The scorpion stings you but does no damage.
You tentacle-slap the scorpion but do no damage.
You grab the scorpion.
The scorpion is severely wounded.
You constrict the scorpion, but do no damage.
You feel sick. The scorpion stings you.
You are lethally poisoned!
The scorpion poisons you!
You tentacle-slap the scorpion but do no damage.
The scorpion is severely wounded.
You constrict the scorpion, but do no damage.
You feel very sick. The scorpion completely misses you.
You tentacle-slap the scorpion but do no damage.
The scorpion is severely wounded.
You constrict the scorpion, but do no damage.
* * * LOW HITPOINT WARNING * * *
You feel very sick. The scorpion stings you!
You die...

##################
#<..P#.....#.$@$$#
#PP..'.)...'.#s).+
#PPPP#.....#P#"..#
###############+##


You could see a scorpion (combustible).

Vanquished Creatures
  A river rat (D)
  A rat (D)
2 creatures vanquished.

Vanquished Creatures (collateral kills)
  A foxfire (D)
1 creature vanquished.

Vanquished Creatures (others)
  5 foxfires (D)
5 creatures vanquished.

Grand Total: 8 creatures vanquished

Notes
Turn   | Place    | Note
-------+----------+-------------------------------------------
     0 | D        | Conn the Octopode Fire Elementalist began the quest for the
                  | Orb.
     0 | D        | Reached XP level 1. HP: 11/11 MP: 3/3
    14 | D        | Reached skill level 4 in Fire Magic
    14 | D        | Reached XP level 2. HP: 17/17 MP: 0/5
    59 | D        | Learned a level 2 spell: Scorch
    61 | D        | Noticed an oklob sapling
    64 | D        | Noticed a scorpion
    64 | D        | Found the amulet of invisibility {+Inv}
    71 | D        | Slain by a scorpion

Illustrated notes

Levels and vault maps discovered:
D:        dungeon_sprint_fedhas [sprint_temple]

Skill      XL: |  1 |
---------------+----+-----
Stealth        | 3 |  3.4
Fire Magic     | 4 |  4.3
Dodging        | |  2.4
Spellcasting   | |  2.5
Conjurations   | |  1.2

Action                     || total
---------------------------++-------
  Melee: Unarmed           ||     8
         Constrict         ||     3
         Tentacles         ||     2
   Cast: Foxfire           ||     3
         Scorch            ||     2
    Use: Potion            ||     1
 Armour: Skin              ||     1
  Dodge: Dodged            ||     3

Table legend: (Time is in decaauts)
 A = Elapsed time spent in this place.
 B = Non-inter-level travel time spent in this place.
 C = Inter-level travel time spent in this place.
 D = Time resting spent in this place.
 E = Time spent auto-exploring this place.
 F = Levels seen in this place.
 G = Mean time per level.
                   A        B        C        D        E       F      G
               +--------+--------+--------+--------+--------+-----+--------+
         Total |     79 |     79 |      0 |     45 |      0 |   1 |   79.0 |
       Dungeon |     79 |     79 |      0 |     45 |      0 |   1 |   79.0 |
               +--------+--------+--------+--------+--------+-----+--------+

Top non-repeatable levels by time:
       D: 79 daAuts
